 Dungeon Crawl Stone Soup version 0.24.0-1-gfbc8707122 (console) character file.

Game seed: 6150023241807878548, levelgen mode: deterministic

12840 AlterAsc the Transmogrifier (level 11, 0/92 HPs)
             Began as a Grey Draconian Transmuter on Oct 27, 2019.
             Was a High Priest of Makhleb.
             Slain by a large slime creature (30 damage)
             ... on level 12 of the Dungeon.
             The game lasted 01:14:05 (12479 turns).

AlterAsc the Transmogrifier (DrTm)                 Turns: 12479, Time: 01:14:06

Health: 0/92       AC: 18    Str: 10    XL:     11   Next: 67%
Magic:  21/23      EV: 15    Int: 16    God:    Makhleb [*****.]
Gold:   892        SH:  0    Dex: 13    Spells: 15/27 levels left

rFire    . . .     SeeInvis .     - Unarmed
rCold    . . .     Gourm    .   (shield currently unavailable)
rNeg     . . .     Faith    .   (armour unavailable)
rPois    .         Spirit   .   (helmet restricted)
rElec    .         Reflect  .   (no cloak)
rCorr    .         Harm     .   (gloves currently unavailable)
MR       .....                  v - +2 pair of boots
Stlth    +.........             (no amulet)
HPRegen  0.25/turn              J - +3 ring of protection
MPRegen  0.18/turn              (no ring)

@: blade hands
A: walk through water, unfitting armour, weak 1, unbreathing, cold-blooded, AC
+12
a: End Transformation, Minor Destruction, Lesser Servant of Makhleb, Major
Destruction, Greater Servant of Makhleb, Renounce Religion


You were on level 12 of the Dungeon.
You worshipped Makhleb.
Makhleb was extremely pleased with you.
You were not hungry.
You had blades for hands.
You visited 2 branches of the dungeon, and saw 14 of its levels.

You collected 892 gold pieces.

Inventory:

Hand Weapons
 b - a +1 falchion of flaming
 n - a +4 dagger
 B - a +2 war axe of electrocution
Missiles
 a - 225 arrows
 E - a throwing net (quivered)
Armour
 v - a +2 pair of boots (worn)
Jewellery
 e - a -3 ring of dexterity
 y - the amulet of Ogusobopp {Inacc rF+ SInv}
   (You found it on level 6 of the Dungeon)

   [amulet of inaccuracy]

   It reduces the accuracy of all your attacks.
   It protects you from fire.
   It lets you see invisible.
 J - a +3 ring of protection (left scythe-like blade)
 K - an uncursed ring of resist corrosion
 L - an uncursed ring of ice {unknown}
Wands
 l - a wand of polymorph (4)
 G - a wand of random effects (17)
 H - a wand of acid (19)
Scrolls
 f - 2 scrolls of fog
 g - 2 scrolls of identify
 h - 4 scrolls of noise
 i - 2 scrolls of random uselessness
 k - 2 scrolls of teleportation
 q - 2 scrolls of fear
 s - a scroll of vulnerability {unknown}
 u - 5 scrolls of amnesia
 z - a scroll of remove curse
 C - a scroll of blinking {unknown}
 D - a scroll of immolation
Potions
 d - 3 potions of flight {unknown}
 j - a potion of brilliance {unknown}
 m - 2 potions of haste {unknown}
 o - a potion of might {unknown}
 p - 3 potions of heal wounds
 r - 2 potions of cancellation {unknown}
 t - 5 potions of curing
 w - 2 potions of lignification {unknown}
 x - 3 potions of mutation {unknown}
 A - 3 potions of agility {unknown}
 F - a potion of resistance {unknown}
Miscellaneous
 I - a crystal ball of energy
Comestibles
 c - 19 rations


   Skills:
 + Level 7.4 Fighting
 + Level 6.3 Dodging
 + Level 7.1 Unarmed Combat
 + Level 8.9 Spellcasting
 + Level 4.5 Hexes
 + Level 9.6 Transmutations
 + Level 5.4 Invocations


You had 15 spell levels left.
You knew the following spells:

 Your Spells              Type           Power        Failure   Level  Hunger
a - Beastly Appendage     Tmut           #####.       9%          1    None
b - Sticks to Snakes      Tmut           #####...     10%         2    None
c - Spider Form           Tmut/Pois      ###.......   30%         3    #......
d - Blade Hands           Tmut           #####.....   34%         5    #####..
e - Corona                Hex            ###....      19%         1    None

Your spell library contained the following spells:

 Spells                   Type           Power        Failure   Level  Hunger
 Confuse                  Hex            ###.....     32%         3    #......
 Tukima's Dance           Hex            ###.....     32%         3    #......
 Ensorcelled Hibernation  Hex/Ice        ##....       36%         2    None
 Dazzling Spray           Conj/Hex       ##....       50%         3    #......
 Ice Form                 Ice/Tmut       ###.....     54%         4    ###....


Dungeon Overview and Level Annotations

Branches:
Dungeon (13/15)            Temple (1/1) D:5            Lair (0/6) D:8
    Orc (0/2) D:9
 Vaults: D:13-14

Altars:
Ashenzari
Cheibriados
Dithmenos
Elyvilon
Fedhas
Gozag
Hepliaklqana
Kikubaaqudgha
Makhleb
Nemelex Xobeh
Okawaru
Qazlal
Ru
Sif Muna
Trog
Uskayaw
Vehumet
Wu Jian
Xom
Yredelemnul
Zin
The Shining One

Shops:
D:4 *   D:5 :   D:8 ?   D:10 =

Portals:
Gauntlet: D:11

Annotations:
D:7 2 transporters, nht's ghost, novice TrBe


Innate Abilities, Weirdness & Mutations

You can walk through water.
Your dull iron-grey scales are very hard. (AC +12)
You cannot fit into any form of body armour.
You can survive without breathing.
You are cold-blooded and may be slowed by cold attacks.
You are weak. (Str -2)


Message History

The large slime creature is heavily wounded.
The large slime creature completely misses you.
You slice the large slime creature!!
The large slime creature is severely wounded.
The large slime creature hits you!
You completely miss the large slime creature.
The large slime creature is severely wounded.
The large slime creature hits you!!!
You slash the large slime creature!
The large slime creature is severely wounded.
The large slime creature closely misses you.
Press: ? - help, v - describe, . - travel, g - get item
Here: a large slime creature (severely wounded) 2 chunks of flesh.
There is something else lying underneath.
The floor, spattered with blood.
You hit the large slime creature.
The large slime creature is severely wounded.
The large slime creature hits you!!
You die...

.......>..........
#######...........
#†#####.##.# #.# #
#.# #.# #.# #
#.######.#
#.#..@J..#
#.##.##..# #.##.#
..# #.##.# J.#
#....# l.# ######
J.# ..# ..#


You could see a large slime creature.

Vanquished Creatures
  3 two-headed ogres
  An ugly thing (D:13)
  A troll (D:11)
  3 hippogriffs
  2 dream sheep (D:8)
  A basilisk (D:12)
  2 wyverns (D:9)
  2 yaks (D:8)
  3 vampire mosquitoes (D:10)
  5 hungry ghosts
  A water moccasin (D:8)
  A black bear (D:7)
  5 ice beasts
  2 sky beasts
  2 orc warriors
  6 phantoms
  A necrophage (D:8)
  5 ogres
  12 crocodiles (D:10)
  9 centaurs
  9 big kobolds
  7 bullfrogs
  A wyvern zombie (D:7)
  3 scorpions
  A wyvern skeleton (D:10)
  3 troll zombies (D:9)
  14 killer bees
  2 electric eels (D:10)
  5 wights (D:11)
  2 howler monkeys
  3 crimson imps
  2 bullfrog zombies (D:10)
  2 centaur zombies
  A quasit (D:10)
  2 hounds
  5 orc priests
  2 bullfrog skeletons
  11 orc wizards
  7 iguanas
  4 worker ants
  3 ogre zombies (D:9)
  4 hound zombies
  A howler monkey skeleton (D:4)
  8 adders
  A worm (D:3)
  2 dart slugs
  11 leopard geckos
  24 orcs
  A ball python (D:1)
  7 giant cockroaches
  7 goblins
  9 hobgoblins
  4 jackals (D:2)
  32 kobolds
  3 quokkas
  4 bats
  13 frilled lizards
  2 hobgoblin skeletons (D:9)
  3 hobgoblin zombies (D:9)
  3 orc skeletons (D:9)
  11 orc zombies (D:9)
  15 rats
321 creatures vanquished.

Vanquished Creatures (collateral kills)
  An orc wizard (D:1)
  An orc (D:2)
  A hobgoblin (D:2)
  A kobold (D:2)
4 creatures vanquished.

Vanquished Creatures (others)
  A frilled lizard (D:10)
  6 plants
  4 toadstools (D:1)
11 creatures vanquished.

Grand Total: 336 creatures vanquished

Notes
Turn   | Place    | Note
-------+----------+-------------------------------------------
     0 | D:1      | AlterAsc the Draconian Transmuter began the quest for the
                  | Orb.
     0 | D:1      | Reached XP level 1. HP: 16/16 MP: 3/3
   560 | D:1      | Reached XP level 2. HP: 21/23 MP: 5/5
   564 | D:1      | Learned a level 2 spell: Sticks to Snakes
  1186 | D:2      | Reached XP level 3. HP: 27/29 MP: 0/6
  1223 | D:1      | Reached XP level 4. HP: 21/36 MP: 2/7
  1519 | D:2      | Reached skill level 3 in Transmutations
  1519 | D:2      | Reached XP level 5. HP: 9/42 MP: 5/9
  1752 | D:2      | Learned a level 3 spell: Spider Form
  2557 | D:3      | You fall into a shaft and drop 2 floors!
  2557 | D:5      | Entered Level 5 of the Dungeon
  2698 | D:4      | Noticed a phantom
  2795 | D:4      | Noticed an ogre
  2796 | D:4      | Noticed a phantom
  2805 | D:4      | Noticed a phantom
  3145 | D:3      | Reached XP level 6. HP: 38/51 MP: 4/10
  3431 | D:3      | Reached skill level 4 in Transmutations
  3671 | D:4      | Your scales start taking on a dull iron-grey colour.
  3671 | D:4      | Reached XP level 7. HP: 52/58 MP: 7/13
  3671 | D:4      | Gained mutation: You can survive without breathing. [Grey
                  | Draconian growth]
  4592 | D:4      | Found Bazunkudgh's Bounteous Boutique.
  4675 | D:5      | Reached skill level 5 in Transmutations
  5165 | D:5      | Found a staircase to the Ecumenical Temple.
  5174 | Temple   | Entered the Ecumenical Temple
  5194 | Temple   | Became a worshipper of Makhleb the Destroyer
  5319 | D:5      | Found Eqiely's Book Shoppe.
  5348 | D:5      | Reached skill level 5 in Spellcasting
  5376 | D:5      | Reached XP level 8. HP: 44/66 MP: 13/15
  5681 | D:6      | Reached skill level 6 in Transmutations
  5712 | D:6      | Learned a level 5 spell: Blade Hands
  5965 | D:6      | Got a translucent graven amulet
  5966 | D:6      | Identified the amulet of Ogusobopp {Inacc rF+ SInv} (You
                  | found it on level 6 of the Dungeon)
  6049 | D:7      | Found a transporter.
  6054 | D:7      | Noticed a hippogriff
  6069 | D:7      | Killed a hippogriff
  6077 | D:7      | Noticed nht's ghost (novice TrBe)
  6083 | D:7      | Noticed a moth of wrath
  6090 | D:7      | Found a transporter.
  6244 | D:7      | Noticed a hippogriff
  6254 | D:7      | Killed a hippogriff
  6254 | D:7      | Reached XP level 9. HP: 56/73 MP: 7/18
  6301 | D:7      | Learned a level 1 spell: Corona
  6306 | D:7      | Reached skill level 7 in Transmutations
  6722 | D:7      | Reached skill level 5 in Fighting
  7208 | D:8      | Found a staircase to the Lair.
  7224 | D:7      | Reached skill level 1 in Invocations
  7292 | D:7      | Reached skill level 1 in Hexes
  7294 | D:7      | Reached * piety under Makhleb
  7318 | D:7      | Reached skill level 5 in Unarmed Combat
  7898 | D:8      | Found Dimuehao's Magic Scroll Boutique.
  8113 | D:8      | Reached skill level 8 in Transmutations
  8156 | D:8      | Reached XP level 10. HP: 83/83 MP: 16/21
  8200 | D:8      | Noticed a three-headed hydra
  8501 | D:9      | Found an opulent altar of Gozag.
  8502 | D:9      | Reached ** piety under Makhleb
  8679 | D:9      | Reached skill level 5 in Dodging
  8744 | D:9      | Gained mutation: You are weak. (Str -2) [mutagenic glow]
  8904 | D:9      | Found a staircase to the Orcish Mines.
  8930 | D:9      | Noticed a two-headed ogre
  8937 | D:9      | Found a shadowy altar of Dithmenos.
  9501 | D:9      | Killed a two-headed ogre
 10137 | D:10     | Entered Level 10 of the Dungeon
 10177 | D:10     | Reached skill level 9 in Transmutations
 10213 | D:10     | Reached *** piety under Makhleb
 10223 | D:10     | Noticed a two-headed ogre
 10618 | D:10     | Killed a two-headed ogre
 10618 | D:10     | Reached XP level 11. HP: 62/91 MP: 13/23
 11374 | D:10     | Reached **** piety under Makhleb
 11788 | D:10     | Found Festei's Jewellery Shop.
 11922 | D:11     | Reached skill level 5 in Invocations
 11929 | D:11     | Found a gate leading to a gauntlet.
 12011 | D:11     | Reached ***** piety under Makhleb
 12049 | D:11     | Noticed a two-headed ogre
 12072 | D:11     | Killed a two-headed ogre
 12162 | D:11     | You fall into a shaft and drop 2 floors!
 12192 | D:12     | Noticed a red ugly thing
 12215 | D:13     | Killed a white ugly thing
 12479 | D:12     | Slain by a large slime creature

Levels and vault maps discovered:
D:1:      ldierk_walled_garden_2, layout_loops_ring, minmay_rat_gold_closets
D:2:      minmay_skewed_foursquare, layout_loops_ring
D:3:      cheibrodos_thug_alley, layout_rooms, first_ration
D:4:      layout_cave_pools, nicolae_alphabet_shops
D:5:      layout_loops_cross, minmay_temple_entry_tees, serial_shops,
          shop_fountains
D:6:      layout_rooms, grunt_ministairs_15, hangedman_decor_opposing
D:7:      layout_loops_corners, gammafunk_ghost_berserking_beasts
D:8:      layout_rooms, lair_entry_dummy, serial_shops, nicolae_shop_trees,
          serial_bayou_lagoon_a, hangedman_ranch [blue_anna_fruit_fields]
D:9:      layout_loops_cross, nicolae_gozag_seed_capital, zombieorc1_lemuel,
          nicolae_dithmenos_shadow_blocks
D:10:     lemuel_reptile_caves, layout_loops_corners, serial_shops,
          kennysheep_mini_moat
D:11:     layout_rooms, gauntlet_entry_generic, ebering_ghost_funeral_grove
D:12:     layout_basic, basic_altar
D:13:     layout_roguey, uniq_urug
Temple:   compressed_dpeg_circular_temple

Skill      XL: |  1  2  3  4  5  6  7  8  9 10 11 |
---------------+----------------------------------+-----
Dodging        | 2 3 4 5 6 |  6.3
Fighting       | 2 3 4 5 6 7 |  7.4
Transmutations | 3 4 5 6 8 9 |  9.6
Unarmed Combat | 4 5 6 7 |  7.1
Spellcasting   | 3 4 5 6 7 8 |  8.9
Invocations    | 2 4 5 |  5.4
Hexes          | 2 3 4 |  4.5

Action                   |  1- 3 |  4- 6 |  7- 9 | 10-12 || total
-------------------------+-------+-------+-------+-------++-------
Melee: Unarmed           |    79 |   256 |   410 |   464 ||  1209
       Tailslap          |    11 |     9 |    26 |    46 ||    92
       Headbutt          |     3 |     3 |    16 |       ||    22
       Kick              |     1 |       |       |       ||     1
       Punch             |     1 |     1 |     5 |     5 ||    12
       Falchion          |       |       |       |     2 ||     2
 Cast: Beastly Appendage |    12 |     4 |    10 |       ||    26
       Sticks to Snakes  |     2 |     8 |     6 |    15 ||    31
       Spider Form       |       |    25 |     8 |     1 ||    34
       Blade Hands       |       |       |    25 |    48 ||    73
       Corona            |       |       |     3 |     3 ||     6
Invok: Lesser Servant of |       |       |       |     1 ||     1
  Use: Potion            |     1 |     1 |       |     1 ||     3
       Scroll            |       |       |    11 |     4 ||    15
 Stab: Sleeping          |     1 |     1 |       |       ||     2
       Distracted        |       |       |       |     1 ||     1
  Eat: Ration            |     1 |       |     5 |     5 ||    11
       Chunk             |       |    11 |    12 |    26 ||    49
Armor: Skin              |    30 |    55 |   138 |   161 ||   384
Dodge: Dodged            |    60 |   175 |   280 |   301 ||   816
       Rpst.: Falchion   |       |       |       |     1 ||     1
